 Dungeon Crawl Stone Soup version 0.27.1 (webtiles) character file.

Game seed: 15199849820470071839

55 Thatpatchoflichen the Cutter (level 4, 0/28 HPs)
             Began as a Kobold Gladiator on Sept 2, 2021.
             Was an Initiate of Wu Jian.
             Slain by Terence (3 damage)
             ... on level 3 of the Dungeon.
             The game lasted 00:06:00 (1946 turns).

Thatpatchoflichen the Cutter (Kobold Gladiator)     Turns: 1946, Time: 00:06:00

Health: 0/28       AC:  9    Str: 11    XL:     4   Next: 14%
Magic:  13/13      EV:  8    Int:  9    God:    Wu Jian [......]
Gold:   68         SH:  0    Dex: 17    Spells: 3/3 levels left

rFire    . . .     SeeInvis .   a - +0 rapier
rCold    . . .     Faith    .   (shield restricted)
rNeg     . . .     Spirit   .   l - +0 chain mail
rPois    .         Reflect  .   c - +0 helmet
rElec    .         Harm     .   (no cloak)
rCorr    .         Rampage  .   (no gloves)
Will     .....                  (no boots)
Stlth    ..........             (no amulet)
HPRegen  0.09/turn              q - ring of magical power
MPRegen  0.13/turn              (no ring)

@: no status effects
A: small, no large weapons, nightstalker 3
a: Renounce Religion


You were on level 3 of the Dungeon.
You worshipped Wu Jian.
Wu Jian was noncommittal.
You visited 1 branch of the dungeon, and saw 3 of its levels.

You collected 68 gold pieces.

Inventory:

Hand Weapons
 a - a +0 rapier (weapon)
 f - a +1 short sword of freezing
Missiles
 d - 3 throwing nets (quivered)
 j - 22 sling bullets
 o - 2 atropa-tipped darts
Armour
 b - a +0 leather armour
 c - a +0 helmet (worn)
 l - a +0 chain mail (worn)
Jewellery
 q - a ring of magical power (left hand)
Scrolls
 e - 2 scrolls of fog {unknown}
 h - a scroll of amnesia {unknown}
 i - a scroll of vulnerability {unknown}
 m - 2 scrolls of identify {unknown}
Potions
 g - a potion of curing {unknown}
 k - a potion of brilliance {unknown}
 n - a potion of attraction {unknown}
 p - a potion of flight {unknown}


   Skills:
 + Level 3.1 Fighting
 + Level 4.8 Short Blades
 - Level 2.1 Throwing
 + Level 4.4 Dodging
 + Level 0.1 Stealth


You had 3 spell levels left.
You didn't know any spells.
Your spell library contained the following spells:

 Spells                   Type           Power      Damage    Failure   Level
 Corpse Rot               Necr/Air       N/A        N/A       100%        2
 Dispel Undead            Necr           0%         3d6       100%        4
 Death Channel            Necr           0%         N/A       100%        6


Dungeon Overview and Level Annotations

Branches:
Dungeon (3/15)

Altars:
Wu Jian

Shops:
D:2 ?

Annotations:
D:3 Terence


Innate Abilities, Weirdness & Mutations

You are small and have problems with some larger weapons.
You are completely attuned to the shadows.


Message History

Terence is heavily wounded.
Terence hits you with a +0 flail.
You hit Terence but do no damage.
Terence is heavily wounded.
Terence hits you with a +0 flail.
You barely miss Terence.
Terence is heavily wounded.
Terence hits you but does no damage.
You hit Terence but do no damage.
Terence is heavily wounded.
Terence barely misses you.
You hit Terence but do no damage.
Terence is heavily wounded.
Terence hits you but does no damage.
You hit Terence.
Terence is severely wounded.
Terence closely misses you.
You hit Terence.
Terence is almost dead.
Terence hits you with a +0 flail.
You hit Terence but do no damage.
Terence is almost dead.
Terence barely misses you.
You barely miss Terence.
Terence is almost dead.
Terence hits you but does no damage.
Your chain mail prevents you from hitting Terence.
Terence is almost dead.
Terence hits you with a +0 flail.
* * * LOW HITPOINT WARNING * * *
You closely miss Terence.
Terence is almost dead.
Terence closely misses you.
You hit Terence but do no damage.
Terence is almost dead.
Terence closely misses you.
You hit Terence but do no damage.
Terence is almost dead.
Terence hits you with a +0 flail.
You die...

<# #..# .# #..# .# #..#
.#######..# .......#..#
#..#. ..........#####
##..... .#####.#.......
...#.# .#
#.#..#########....#
.#####..........@@.....#
...........########....#
#####.......# ####..
##.....## # ##...##
##.## ###


You could see Terence.

Vanquished Creatures
  An adder (D:2)
  A worm (D:2)
  3 dart slugs
  2 ball pythons
  4 bats
  4 endoplasms (D:2)
  5 goblins
  3 hobgoblins
  5 kobolds
  2 quokkas
  4 rats (D:1)
34 creatures vanquished.

Notes
Turn   | Place    | Note
-------+----------+-------------------------------------------
     0 | D:1      | Thatpatchoflichen the Kobold Gladiator began the quest for
                  | the Orb.
     0 | D:1      | Reached XP level 1. HP: 12/12 MP: 1/1
   197 | D:1      | Reached XP level 2. HP: 18/18 MP: 2/2
   775 | D:2      | Reached XP level 3. HP: 12/22 MP: 3/3
  1004 | D:2      | Found an ornate altar of the Wu Jian Council.
  1011 | D:2      | Became a worshipper of the Wu Jian Council
  1070 | D:2      | Found Gasissel's Magic Scroll Shop.
  1563 | D:2      | Reached XP level 4. HP: 28/28 MP: 4/4
  1914 | D:3      | Noticed Terence
  1946 | D:3      | Slain by Terence

Illustrated notes

Levels and vault maps discovered:
D:1:      minmay_arrival_three_doors, layout_rooms
D:2:      layout_basic, serial_shops, shop, basic_altar
D:3:      layout_loops_ring, chequers_ecumenical_altar_grove, kennysheep_boxes,
          uniq_sigmund, uniq_grinder, uniq_terence

Skill      XL: |  1  2  3 |
---------------+----------+-----
Dodging        | 4 |  4.4
Fighting       | 3 |  3.1
Short Blades   | |  4.8
Throwing       | |  2.1
Stealth        | |  0.1

Action                   |  1- 3 |  4- 6 || total
-------------------------+-------+-------++-------
Melee: Rapier            |    82 |    33 ||   115
Invok: Lunge             |     3 |     2 ||     5
 Stab: Sleeping          |     6 |       ||     6
Armor: Leather armour    |    15 |       ||    15
       Chain mail        |     2 |    11 ||    13
Dodge: Dodged            |    56 |    12 ||    68
